Workbook

Sheet FTR - Results
G2: Results Tracker: KPI Dashboard | H2: Start Bank (Points) | I2: 100 | J2: Current Bank (Points) | K2: =N39+I2 -> 100.172 | L2: Total Points Staked | N2: =I39 -> 124
H3: Start Date | I3: 45658 | J3: PnL (Points +/-) | K3: =K2-I2 -> 0.172 | L3: Return on Investment (ROI) | N3: =K3/N2*100 -> 0.13870968
H4: Active Days | I4: 31 | J4: Bank Growth (%) | K4: =K3/I2*100 -> 0.172 | L4: Return on Capital (ROC) | N4: =K3/I2*100 -> 0.172
B6: Day | C6: Date | D6: Comp | E6: Match | F6: Market | G6: Selection | H6: Price | I6: Points | J6: FT Result | K6: W/D/L | L6: Points (+/-) | M6: BF Comm | N6: Total Points
B7: 1 | C7: =I3 -> 45658 | D7: PRL | E7: Arsenal v Brentford | F7: MO & O/U 2.5 goals | G7: Arsenal / Over | H7: 2.04 | I7: 4 | J7: 1-3 | K7: W | L7: =IF(K7="w",(H7-1)*I7,-I7) -> 4.16 | M7: =IF(K7="w",(L7/100*2),0) -> 0.0832 | N7: =L7-M7 -> 4.0768
B8: 2 | C8: =C7+1 -> 45659 | D8: SUC | E8: Inter Milan v Atalanta | F8: O/U 2.5 goals | G8: Under | H8: 2 | I8: 4 | J8: 2-0 | K8: W | L8: =IF(K8="w",(H8-1)*I8,-I8) -> 4 | M8: =IF(K8="w",(L8/100*2),0) -> 0.08 | N8: =L8-M8 -> 3.92
B9: 3 | C9: =C8+1 -> 45660 | D9: SUC | E9: Juventus v AC Milan | F9: Match Odds | G9: Juventus | H9: 2.48 | I9: 2 | J9: 1-2 | K9: L | L9: =IF(K9="w",(H9-1)*I9,-I9) -> -2 | M9: =IF(K9="w",(L9/100*2),0) -> 0 | N9: =L9-M9 -> -2
F10: O/U 2.5 goals | G10: Under | H10: 1.73 | I10: 2 | K10: L | L10: =IF(K10="w",(H10-1)*I10,-I10) -> -2 | M10: =IF(K10="w",(L10/100*2),0) -> 0 | N10: =L10-M10 -> -2
B11: 4 | C11: =C9+1 -> 45661 | D11: PRL | E11: Crystal Palace v Chelsea | F11: Match Odds | G11: Chelsea | H11: 2 | I11: 4 | J11: 1-1 | K11: L | L11: =IF(K11="w",(H11-1)*I11,-I11) -> -4 | M11: =IF(K11="w",(L11/100*2),0) -> 0 | N11: =L11-M11 -> -4
B12: 5 | C12: =C11+1 -> 45662 | D12: PRL | E12: Liverpool v Man United | F12: MO & O/U 2.5 | G12: Liverpool / Over | H12: 1.91 | I12: 4 | J12: 2-2 | K12: L | L12: =IF(K12="w",(H12-1)*I12,-I12) -> -4 | M12: =IF(K12="w",(L12/100*2),0) -> 0 | N12: =L12-M12 -> -4
B13: 6 | C13: =C12+1 -> 45663 | D13: PRL | E13: Wolves v Nottingham Forest | F13: Match Odds | G13: Nott Forest | H13: 2.36 | I13: 4 | J13: 0-3 | K13: W | L13: =IF(K13="w",(H13-1)*I13,-I13) -> 5.44 | M13: =IF(K13="w",(L13/100*2),0) -> 0.1088 | N13: =L13-M13 -> 5.3312
B14: 7 | C14: =C13+1 -> 45664 | D14: LEC | E14: Arsenal v Newcastle United | F14: Asian Handicap | G14: Newcastle +0.5 | H14: 2.14 | I14: 4 | J14: 0-2 | K14: W | L14: =IF(K14="w",(H14-1)*I14,-I14) -> 4.56 | M14: =IF(K14="w",(L14/100*2),0) -> 0.0912 | N14: =L14-M14 -> 4.4688
B15: 8 | C15: =C14+1 -> 45665 | D15: LEC | E15: Tottenham v Liverpool | F15: MO & O/U 2.5 | G15: Liverpool / Over | H15: 2.04 | I15: 4 | J15: 1-0 | K15: L | L15: =IF(K15="w",(H15-1)*I15,-I15) -> -4 | M15: =IF(K15="w",(L15/100*2),0) -> 0 | N15: =L15-M15 -> -4
B16: 9 | C16: =C15+1 -> 45666 | D16: SUC | E16: Real Madrid v Mallorca | F16: BTTS | G16: Yes | H16: 2 | I16: 4 | J16: 3-0 | K16: L | L16: 0 | M16: =IF(K16="w",(L16/100*2),0) -> 0 | N16: =L16-M16 -> 0
B17: 10 | C17: =C16+1 -> 45667 | D17: FAC | E17: Aston Villa v West Ham | F17: BTTS | G17: Yes | H17: 1.67 | I17: 4 | J17: 2-1 | K17: W | L17: =IF(K17="w",(H17-1)*I17,-I17) -> 2.68 | M17: =IF(K17="w",(L17/100*2),0) -> 0.0536 | N17: =L17-M17 -> 2.6264
B18: 11 | C18: =C17+1 -> 45668 | D18: FAC | E18: Coventry v Sheffield Weds | F18: O/U 2.5 Goals | G18: Over | H18: 1.95 | I18: 4 | J18: 1-1 | K18: L | L18: =IF(K18="w",(H18-1)*I18,-I18) -> -4 | M18: =IF(K18="w",(L18/100*2),0) -> 0 | N18: =L18-M18 -> -4
B19: 12 | C19: =C18+1 -> 45669 | D19: FAC | E19: Arsenal v Man United | F19: BTTS | G19: Yes | H19: 1.84 | I19: 4 | J19: 1-1 | K19: W | L19: =IF(K19="w",(H19-1)*I19,-I19) -> 3.36 | M19: =IF(K19="w",(L19/100*2),0) -> 0.0672 | N19: =L19-M19 -> 3.2928
B20: 13 | C20: =C19+1 -> 45670 | D20: LAL | E20: Real Sociedad v Villarreal | F20: BTTS | G20: Yes | H20: 1.85 | I20: 4 | J20: 1-0 | K20: L | L20: =IF(K20="w",(H20-1)*I20,-I20) -> -4 | M20: =IF(K20="w",(L20/100*2),0) -> 0 | N20: =L20-M20 -> -4
B21: 14 | C21: =C20+1 -> 45671 | D21: PRL | E21: West Ham v Fulham | F21: O/U 2.5 Goals | G21: Over | H21: 1.88 | I21: 4 | J21: 3-2 | K21: W | L21: =IF(K21="w",(H21-1)*I21,-I21) -> 3.52 | M21: =IF(K21="w",(L21/100*2),0) -> 0.0704 | N21: =L21-M21 -> 3.4496
B22: 15 | C22: =C21+1 -> 45672 | D22: PRL | E22: Leicester v Crystal Palace | F22: Match Odds | G22: Crystal Palace | H22: 2.04 | I22: 4 | J22: 0-2 | K22: W | L22: =IF(K22="w",(H22-1)*I22,-I22) -> 4.16 | M22: =IF(K22="w",(L22/100*2),0) -> 0.0832 | N22: =L22-M22 -> 4.0768
B23: 16 | C23: =C22+1 -> 45673 | D23: PRL | E23: Ipswich v Brighton | F23: Match Odds | G23: Brighton | H23: 2.04 | I23: 4 | J23: 0-2 | K23: W | L23: =IF(K23="w",(H23-1)*I23,-I23) -> 4.16 | M23: =IF(K23="w",(L23/100*2),0) -> 0.0832 | N23: =L23-M23 -> 4.0768
B24: 17 | C24: =C23+1 -> 45674 | D24: BUN | E24: Frankfurt v Dusseldorf | F24: Match Odds | G24: Frankfurt | H24: 2.64 | I24: 4 | J24: 2-0 | K24: W | L24: =IF(K24="w",(H24-1)*I24,-I24) -> 6.56 | M24: =IF(K24="w",(L24/100*2),0) -> 0.1312 | N24: =L24-M24 -> 6.4288
B25: 18 | C25: =C24+1 -> 45675 | D25: PRL | E25: West Ham v Crystal Palace | F25: O/U 2.5 Goals | G25: Over | H25: 1.92 | I25: 4 | J25: 0-2 | K25: L | L25: =IF(K25="w",(H25-1)*I25,-I25) -> -4 | M25: =IF(K25="w",(L25/100*2),0) -> 0 | N25: =L25-M25 -> -4
B26: 19 | C26: =C25+1 -> 45676 | D26: PRL | E26: Manchester Utd v Brighton | F26: O/U 2.5 Goals | G26: Over | H26: 1.83 | I26: 4 | J26: 1-3 | K26: W | L26: =IF(K26="w",(H26-1)*I26,-I26) -> 3.32 | M26: =IF(K26="w",(L26/100*2),0) -> 0.0664 | N26: =L26-M26 -> 3.2536
B27: 20 | C27: =C26+1 -> 45677 | D27: PRL | E27: Chelsea v Wolves | F27: HT/FT | G27: Chelsea/Chelsea | H27: 2.1 | I27: 4 | J27: 3-1 | K27: L | L27: =IF(K27="w",(H27-1)*I27,-I27) -> -4 | M27: =IF(K27="w",(L27/100*2),0) -> 0 | N27: =L27-M27 -> -4
B28: 21 | C28: =C27+1 -> 45678 | D28: UCL | E28: Monaco v Aston Villa | F28: Asian Handicap | G28: Aston Villa 0 | H28: 2.15 | I28: 4 | J28: 1-0 | K28: L | L28: =IF(K28="w",(H28-1)*I28,-I28) -> -4 | M28: =IF(K28="w",(L28/100*2),0) -> 0 | N28: =L28-M28 -> -4
... B38: 31 | C38: =C37+1 -> 45688 | D38: SEA | E38: Parma v Lecce | F38: Match Odds | G38: Parma | H38: 2.22 | I38: 4 | J38: 1-3 | K38: L | L38: =IF(K38="w",(H38-1)*I38,-I38) -> -4 | M38: =IF(K38="w",(L38/100*2),0) -> 0 | N38: =L38-M38 -> -4
G39: Avg. Price | H39: =SUM(H7:H38)/32 -> 2.09375 | I39: =SUM(I7:I38) -> 124 | J39: Pts Staked | K39: PnL | L39: =SUM(L7:L38) -> 1.4 | M39: =SUM(M7:M38) -> 1.228 | N39: =L39-M39 -> 0.172

Sheet FTR - Chart
B2: FOOTBALL TRADING ROOM - JANUARY 2025: DAILY RESULTS
B4: Day | C4: Day Points: Profit / Loss | D4: Accumulated Points
B5: 0 | C5: 0 | D5: 0
B6: 1 | C6: ='FTR - Results'!N7 -> 4.0768 | D6: =D5+C6 -> 4.0768
B7: 2 | C7: ='FTR - Results'!N8 -> 3.92 | D7: =D6+C7 -> 7.9968
B8: 3 | C8: ='FTR - Results'!N9+'FTR - Results'!N10 -> -4 | D8: =D7+C8 -> 3.9968
B9: 4 | C9: ='FTR - Results'!N11 -> -4 | D9: =D8+C9 -> -0.0032
B10: 5 | C10: ='FTR - Results'!N12 -> -4 | D10: =D9+C10 -> -4.0032
B11: 6 | C11: ='FTR - Results'!N13 -> 5.3312 | D11: =D10+C11 -> 1.328
B12: 7 | C12: ='FTR - Results'!N14 -> 4.4688 | D12: =D11+C12 -> 5.7968
B13: 8 | C13: ='FTR - Results'!N15 -> -4 | D13: =D12+C13 -> 1.7968
B14: 9 | C14: ='FTR - Results'!N16 -> 0 | D14: =D13+C14 -> 1.7968
B15: 10 | C15: ='FTR - Results'!N17 -> 2.6264 | D15: =D14+C15 -> 4.4232
B16: 11 | C16: ='FTR - Results'!N18 -> -4 | D16: =D15+C16 -> 0.4232
B17: 12 | C17: ='FTR - Results'!N19 -> 3.2928 | D17: =D16+C17 -> 3.716
B18: 13 | C18: ='FTR - Results'!N20 -> -4 | D18: =D17+C18 -> -0.284
B19: 14 | C19: ='FTR - Results'!N21 -> 3.4496 | D19: =D18+C19 -> 3.1656
B20: 15 | C20: ='FTR - Results'!N22 -> 4.0768 | D20: =D19+C20 -> 7.2424
... B36: 31 | C36: ='FTR - Results'!N38 -> -4 | D36: =D35+C36 -> 0.172

Sheet PGX5 - Results
G2: Record Tracking & Stake Calculation | H2: Start Bank (£) | I2: 1000 | N2: Current Bank (£) | O2: =O37 -> 1494.0131
H3: Start Date | I3: 45658 | N3: Growth (£) | O3: =O2-I2 -> 494.01307
H4: Days # | I4: 31 | N4: Increase (%) | O4: =SUM(O2-I2)/I2*100 -> 49.401307
B6: Day | C6: Date | D6: Comp | E6: Match | F6: Market | G6: Selection | H6: Price | I6: Stake | J6: Result | K6: W/L/D | L6: Start Bank | M6: PnL | N6: BF Comm. | O6: End Bank
B7: 1 | C7: =I3 -> 45658 | D7: PRL | E7: Liverpool v Newcastle | F7: Asian Handicap | G7: Liverpool -1 | H7: 1.72 | I7: =L7/16.5 -> 60.606061 | J7: 4-2 | K7: W | L7: =I2 -> 1000 | M7: =IF(K7="w",(H7-1)*I7,-I7) -> 43.636364 | N7: =IF(K7="w",(M7/100*2),0) -> 0.87272727 | O7: =L7+M7 -> 1043.6364
B8: 2 | C8: =C7+1 -> 45659 | D8: PRL | E8: West Ham v Brighton | F8: Asian Handicap | G8: West Ham 0 & +0.5 | H8: 1.7 | I8: =L8/16.5 -> 63.250689 | J8: 0-0 | K8: W | L8: =O7 -> 1043.6364 | M8: =IF(K8="w",(H8-1)*I8,-I8) -> 44.275482 | N8: =IF(K8="w",(M8/100*2),0) -> 0.88550964 | O8: =L8+M8 -> 1087.9118
B9: 3 | C9: =C8+1 -> 45660 | D9: LAL | E9: Girona v Atletico Madrid | F9: O/U 3.5 Goals | G9: Under | H9: 1.52 | I9: =L9/16.5 -> 65.934051 | J9: 4-3 | K9: L | L9: =O8 -> 1087.9118 | M9: =IF(K9="w",(H9-1)*I9,-I9) -> -65.934051 | N9: =IF(K9="w",(M9/100*2),0) -> 0 | O9: =L9+M9 -> 1021.9778
B10: 4 | C10: =C9+1 -> 45661 | D10: FAC | E10: Crystal Palace v Everton | F10: Asian Handicap | G10: Crystal Palace 0 & +0.5 | H10: 1.66 | I10: =L10/16.5 -> 61.938048 | J10: 0-0 | K10: W | L10: =O9 -> 1021.9778 | M10: =IF(K10="w",(H10-1)*I10,-I10) -> 40.879112 | N10: =IF(K10="w",(M10/100*2),0) -> 0.81758224 | O10: =L10+M10 -> 1062.8569
B11: 5 | C11: =C10+1 -> 45662 | D11: PRL | E11: Tottenham v Burnley | F11: Asian Handicap | G11: Tottenham -1 | H11: 1.67 | I11: =L11/16.5 -> 64.41557 | J11: 1-0 | K11: D | L11: =O10 -> 1062.8569 | M11: 0 | N11: =IF(K11="w",(M11/100*2),0) -> 0 | O11: =L11+M11 -> 1062.8569
B12: 6 | C12: =C11+1 -> 45663 | D12: FAC | E12: Middlesbrough v Aston Villa | F12: Asian Handicap | G12: Aston Villa -1 | H12: 1.85 | I12: =L12/16.5 -> 64.41557 | J12: 0-1 | K12: D | L12: =O11 -> 1062.8569 | M12: 0 | N12: =IF(K12="w",(M12/100*2),0) -> 0 | O12: =L12+M12 -> 1062.8569
B13: 7 | C13: =C12+1 -> 45664 | D13: FAC | E13: Arsenal v Liverpool | F13: BTTS | G13: Yes | H13: 1.67 | I13: =L13/16.5 -> 64.41557 | J13: 0-2 | K13: L | L13: =O12 -> 1062.8569 | M13: =IF(K13="w",(H13-1)*I13,-I13) -> -64.41557 | N13: =IF(K13="w",(M13/100*2),0) -> 0 | O13: =L13+M13 -> 998.44134
B14: 8 | C14: =C13+1 -> 45665 | D14: FAC | E14: Wigan v Man United | F14: O/U 3.5 Goals | G14: Under | H14: 1.65 | I14: =L14/16.5 -> 60.511596 | J14: 0-2 | K14: W | L14: =O13 -> 998.44134 | M14: =IF(K14="w",(H14-1)*I14,-I14) -> 39.332537 | N14: =IF(K14="w",(M14/100*2),0) -> 0.78665075 | O14: =L14+M14 -> 1037.7739
B15: 9 | C15: =C14+1 -> 45666 | D15: LEC | E15: Middlesbrough v Chelsea | F15: BTTS | G15: Yes | H15: 1.81 | I15: =L15/16.5 -> 62.895386 | J15: 1-0 | K15: L | L15: =O14 -> 1037.7739 | M15: =IF(K15="w",(H15-1)*I15,-I15) -> -62.895386 | N15: =IF(K15="w",(M15/100*2),0) -> 0 | O15: =L15+M15 -> 974.87849
B16: 10 | C16: =C15+1 -> 45667 | D16: LEC | E16: Liverpool v Fulham | F16: O/U 3.5 Goals | G16: Under | H16: 1.65 | I16: =L16/16.5 -> 59.083545 | J16: 2-1 | K16: W | L16: =O15 -> 974.87849 | M16: =IF(K16="w",(H16-1)*I16,-I16) -> 38.404304 | N16: =IF(K16="w",(M16/100*2),0) -> 0.76808608 | O16: =L16+M16 -> 1013.2828
B17: 11 | C17: =C16+1 -> 45668 | D17: SUC | E17: Barcelona v Osasuna | F17: BTTS | G17: Yes | H17: 1.88 | I17: =L17/16.5 -> 61.411078 | J17: 2-0 | K17: L | L17: =O16 -> 1013.2828 | M17: =IF(K17="w",(H17-1)*I17,-I17) -> -61.411078 | N17: =IF(K17="w",(M17/100*2),0) -> 0 | O17: =L17+M17 -> 951.87171
B18: 12 | C18: =C17+1 -> 45669 | D18: PRL | E18: Burnley v Luton | F18: Asian Handicap | G18: Luton +0.5 & +1.0 | H18: 1.67 | I18: =L18/16.5 -> 57.689195 | J18: 1-1 | K18: W | L18: =O17 -> 951.87171 | M18: =IF(K18="w",(H18-1)*I18,-I18) -> 38.65176 | N18: =IF(K18="w",(M18/100*2),0) -> 0.77303521 | O18: =L18+M18 -> 990.52347
B19: 13 | C19: =C18+1 -> 45670 | D19: PRL | E19: Chelsea v Fulham | F19: Match Odds | G19: Chelsea | H19: 1.68 | I19: =L19/16.5 -> 60.031726 | J19: 1-0 | K19: W | L19: =O18 -> 990.52347 | M19: =IF(K19="w",(H19-1)*I19,-I19) -> 40.821573 | N19: =IF(K19="w",(M19/100*2),0) -> 0.81643147 | O19: =L19+M19 -> 1031.345
B20: 14 | C20: =C19+1 -> 45671 | D20: PRL | E20: Everton v Aston Villa | F20: Asian Handicap | G20: Everton 0 & +0.5 | H20: 1.75 | I20: =L20/16.5 -> 62.50576 | J20: 0-0 | K20: W | L20: =O19 -> 1031.345 | M20: =IF(K20="w",(H20-1)*I20,-I20) -> 46.87932 | N20: =IF(K20="w",(M20/100*2),0) -> 0.93758641 | O20: =L20+M20 -> 1078.2244
B21: 15 | C21: =C20+1 -> 45672 | D21: SEA | E21: Atalanta v Frosinone | F21: Asian Handicap | G21: Atalanta -1.0 | H21: 1.68 | I21: =L21/16.5 -> 65.346931 | J21: 5-0 | K21: W | L21: =O20 -> 1078.2244 | M21: =IF(K21="w",(H21-1)*I21,-I21) -> 44.435913 | N21: =IF(K21="w",(M21/100*2),0) -> 0.88871827 | O21: =L21+M21 -> 1122.6603
B22: 16 | C22: =C21+1 -> 45673 | D22: SEA | E22: Juventus v Sassuolo | F22: O/U 2.5 goals | G22: Over | H22: 1.78 | I22: =L22/16.5 -> 68.040017 | J22: 3-0 | K22: W | L22: =O21 -> 1122.6603 | M22: =IF(K22="w",(H22-1)*I22,-I22) -> 53.071213 | N22: =IF(K22="w",(M22/100*2),0) -> 1.0614243 | O22: =L22+M22 -> 1175.7315
B23: 17 | C23: =C22+1 -> 45674 | D23: FAC | E23: Blackpool v Notts Forest | F23: Asian Handicap | G23: Blackpool +1 | H23: 1.5 | I23: =L23/16.5 -> 71.256454 | J23: 2-2 | K23: W | L23: =O22 -> 1175.7315 | M23: =IF(K23="w",(H23-1)*I23,-I23) -> 35.628227 | N23: =IF(K23="w",(M23/100*2),0) -> 0.71256454 | O23: =L23+M23 -> 1211.3597
B24: 18 | C24: =C23+1 -> 45675 | D24: CDR | E24: Atletico Madrid v Real Madrid | F24: O/U 2.5 goals | G24: Over | H24: 1.75 | I24: =L24/16.5 -> 73.415741 | J24: 2-2 | K24: W | L24: =O23 -> 1211.3597 | M24: =IF(K24="w",(H24-1)*I24,-I24) -> 55.061806 | N24: =IF(K24="w",(M24/100*2),0) -> 1.1012361 | O24: =L24+M24 -> 1266.4215
... B31: 25 | C31: =C30+1 -> 45682 | D31: FAC | E31: Bournemouth v Swansea | F31: Asian Handicap | G31: Swansea +2.0 | H31: 1.7 | I31: =L31/16.5 -> 88.537781 | J31: 5-0 | K31: L | L31: =O30 -> 1460.8734 | M31: =IF(K31="w",(H31-1)*I31,-I31) -> -88.537781 | N31: =IF(K31="w",(M31/100*2),0) -> 0 | O31: =L31+M31 -> 1372.3356
B32: 26 | C32: =C31+1 -> 45683 | D32: FAC | E32: Chelsea v Aston Villa | F32: Draw No Bet | G32: Chelsea | H32: 1.5 | I32: =L32/16.5 -> 83.171855 | J32: 0-0 | K32: D | L32: =O31 -> 1372.3356 | M32: 0 | N32: =IF(K32="w",(M32/100*2),0) -> 0 | O32: =L32+M32 -> 1372.3356
B33: 27 | C33: =C32+1 -> 45684 | D33: FAC | E33: Everton v Luton | F33: HT O/U 1.5 | G33: Under | H33: 1.52 | I33: =L33/16.5 -> 83.171855 | J33: HT 0-1 | K33: W | L33: =O32 -> 1372.3356 | M33: =IF(K33="w",(H33-1)*I33,-I33) -> 43.249365 | N33: =IF(K33="w",(M33/100*2),0) -> 0.86498729 | O33: =L33+M33 -> 1415.585
B34: 28 | C34: =C33+1 -> 45685 | D34: FAC | E34: Watford v Southampton | F34: Draw No Bet | G34: Southampton | H34: 1.55 | I34: =L34/16.5 -> 85.793029 | J34: 1-1 | K34: D | L34: =O33 -> 1415.585 | M34: 0 | N34: =IF(K34="w",(M34/100*2),0) -> 0 | O34: =L34+M34 -> 1415.585
B35: 29 | C35: =C34+1 -> 45686 | D35: SEA | E35: Salernitana v Roma | F35: BTTS | G35: Yes | H35: 2.16 | I35: =L35/16.5 -> 85.793029 | J35: 1-2 | K35: W | L35: =O34 -> 1415.585 | M35: =IF(K35="w",(H35-1)*I35,-I35) -> 99.519913 | N35: =IF(K35="w",(M35/100*2),0) -> 1.9903983 | O35: =L35+M35 -> 1515.1049
B36: 30 | C36: =C35+1 -> 45687 | D36: PRL | E36: Aston Villa v Newcastle | F36: AV O/U 1.5 g | G36: Over | H36: 1.7 | I36: =L36/16.5 -> 91.824539 | J36: 1-3 | K36: L | L36: =O35 -> 1515.1049 | M36: =IF(K36="w",(H36-1)*I36,-I36) -> -91.824539 | N36: =IF(K36="w",(M36/100*2),0) -> 0 | O36: =L36+M36 -> 1423.2803
B37: 31 | C37: =C36+1 -> 45688 | D37: PRL | E37: Tottenham v Brentford | F37: O/U 2.5 Goals | G37: Over | H37: 1.82 | I37: =L37/16.5 -> 86.259415 | J37: 3-2 | K37: W | L37: =O36 -> 1423.2803 | M37: =IF(K37="w",(H37-1)*I37,-I37) -> 70.73272 | N37: =IF(K37="w",(M37/100*2),0) -> 1.4146544 | O37: =L37+M37 -> 1494.0131

Sheet PGX5 - CHART
B2: PRO-GENIE X5 - JANUARY 2025: DAILY RESULTS
B4: Day | C4: Profit / Loss (£) | D4: Acc Bank (£)
B5: 0 | C5: 0 | D5: 0
B6: 1 | C6: ='PGX5 - Results'!M7-'PGX5 - Results'!N7 -> 42.763636 | D6: =D5+C6 -> 42.763636
B7: 2 | C7: ='PGX5 - Results'!M8-'PGX5 - Results'!N8 -> 43.389972 | D7: =D6+C7 -> 86.153609
B8: 3 | C8: ='PGX5 - Results'!M9-'PGX5 - Results'!N9 -> -65.934051 | D8: =D7+C8 -> 20.219558
B9: 4 | C9: ='PGX5 - Results'!M10-'PGX5 - Results'!N10 -> 40.06153 | D9: =D8+C9 -> 60.281087
B10: 5 | C10: ='PGX5 - Results'!M11-'PGX5 - Results'!N11 -> 0 | D10: =D9+C10 -> 60.281087
B11: 6 | C11: ='PGX5 - Results'!M12-'PGX5 - Results'!N12 -> 0 | D11: =D10+C11 -> 60.281087
B12: 7 | C12: ='PGX5 - Results'!M13-'PGX5 - Results'!N13 -> -64.41557 | D12: =D11+C12 -> -4.134483
B13: 8 | C13: ='PGX5 - Results'!M14-'PGX5 - Results'!N14 -> 38.545887 | D13: =D12+C13 -> 34.411404
B14: 9 | C14: ='PGX5 - Results'!M15-'PGX5 - Results'!N15 -> -62.895386 | D14: =D13+C14 -> -28.483983
B15: 10 | C15: ='PGX5 - Results'!M16-'PGX5 - Results'!N16 -> 37.636218 | D15: =D14+C15 -> 9.1522354
B16: 11 | C16: ='PGX5 - Results'!M17-'PGX5 - Results'!N17 -> -61.411078 | D16: =D15+C16 -> -52.258843
B17: 12 | C17: ='PGX5 - Results'!M18-'PGX5 - Results'!N18 -> 37.878725 | D17: =D16+C17 -> -14.380118
... B36: 31 | C36: ='PGX5 - Results'!M37-'PGX5 - Results'!N37 -> 69.318066 | D36: =D35+C36 -> 473.82109
